AoeStats
← bullej456

Arabia

503362131Analyzed
1v1 RM · 1mo ago on Aug 31, 2026· 65m 43s· 2 players
Game mode
Random Map
Map size
Tiny (2 player)
Population
200
Speed
Normal
Resources
Standard
Victory
Conquest
Starting age
Dark Age
Ending age
Imperial Age
RankedLock teamsTeams togetherTeam positionsShared explorationLock speedFull tech treeHidden civsTurbo modeCheats
Victory
Defeat
🇦🇹 Persians · Austria
1026
+18
🇬🇧 Japanese · United Kingdom
1065
-18
watchYourTown
7:33 Loom
9:52 Feudal Age
12:02 Double-Bit Axe
12:01 Horse Collar
15:32 Gold Mining
19:57 Castle Age
19:03 Stone Mining
21:53 Gold Shaft Mining
21:31 Bow Saw
22:03 Scale Barding Armor
22:10 Forging
23:14 Wheelbarrow
22:26 Town Watch
23:13 Husbandry
25:45 Hand Cart
32:02 Heavy Plow
39:59 Chain Barding Armor
40:23 Iron Casting
48:13 Imperial Age
47:26 Town Patrol
48:12 Cavalier
49:30 Plate Barding Armor
49:56 Blast Furnace
50:23 Savar
52:34 Crop Rotation
52:00 Heavy Scorpion
63:04 Guilds
bullej456
3:33 Loom
11:12 Feudal Age
12:59 Double-Bit Axe
17:57 Town Watch
17:57 Horse Collar
21:32 Castle Age
20:26 Forging
21:09 Arson
22:27 Wheelbarrow
22:47 Scale Mail Armor
22:39 Fletching
24:18 Gold Mining
27:07 Chain Mail Armor
28:09 Iron Casting
32:43 Hand Cart
42:42 Pikeman
43:28 Squires
46:33 Imperial Age
44:25 Stone Mining
47:03 Bodkin Arrow
46:38 Halberdier
47:11 Elite Samurai
48:36 Conscription
49:53 Blast Furnace
49:23 Plate Mail Armor
53:19 Kataparuto
60:31 Bracer
62:40 Heavy Plow
Connection lost

Rejoining the realm…

Still unreachable

The connection could not be restored.

Session expired

The server has moved on; the page needs a fresh start.